AoeStats
← Cyamaan

Arabia

509634270Analyzed
2v2 RM · 5d ago on Sep 27, 2026· 39m 26s· 4 players
Game mode
Random Map
Map size
Medium (4 player)
Population
200
Speed
Normal
Resources
Standard
Victory
Conquest
Starting age
Dark Age
Ending age
Imperial Age
RankedLock teamsTeams togetherTeam positionsShared explorationLock speedFull tech treeHidden civsTurbo modeCheats
Victory
Defeat
🇨🇳 Danes · China
1092
+14
🇨🇳 Saxons · China
987
+18
🇨🇦 Danes · Canada
1100
-19
🇨🇦 Saxons · Canada
974
-13
Cyamaan
9:07 Feudal Age
7:49 Loom
10:03 Man-at-Arms
10:40 Double-Bit Axe
12:48 Scale Mail Armor
12:43 Arson
13:49 Forging
15:03 Gold Mining
20:19 Castle Age
20:11 Horse Collar
20:22 Long Swordsman
20:48 Gambesons
21:03 Squires
22:01 Iron Casting
24:45 Chain Mail Armor
26:20 Heavy Plow
26:36 Bow Saw
30:41 Wheelbarrow
36:05 Hamask
41:25 Imperial Age
jornado
7:04 Loom
9:48 Feudal Age
10:23 Double-Bit Axe
10:59 Horse Collar
16:05 Wheelbarrow
17:48 Castle Age
17:34 Gold Mining
20:01 Bow Saw
20:38 Heavy Plow
20:34 Stone Mining
21:24 Gold Shaft Mining
24:03 Squires
23:50 Gambesons
24:06 Scale Mail Armor
24:16 Forging
27:54 Chain Mail Armor
28:15 Iron Casting
27:30 Arson
29:25 Hand Cart
33:36 Imperial Age
32:02 Fletching
32:09 Town Watch
33:41 Elite Varangian Guard
35:01 Plate Mail Armor
38:50 Conscription
大湾鸡
10:28 Feudal Age
11:16 Loom
14:19 Castle Age
12:56 Double-Bit Axe
15:33 Horse Collar
22:19 Bow Saw
22:14 Heavy Plow
24:52 Wheelbarrow
25:52 Hand Cart
25:28 Town Watch
29:38 Imperial Age
27:44 Scale Mail Armor
28:10 Stone Mining
28:15 Gold Mining
28:47 Chain Mail Armor
28:38 Squires
28:23 Arson
29:27 Stone Shaft Mining
29:21 Forging
29:57 Gambesons
30:57 Plate Mail Armor
31:05 Iron Casting
29:52 Onager
30:40 Siege Engineers
31:28 Siege Onager
32:34 Conscription
33:53 Blast Furnace
32:21 Northmen's Fury
34:35 Ballistics
33:44 Hamask
34:42 Fletching
35:19 Murder Holes
35:47 Bodkin Arrow
36:07 Masonry
36:50 Hoardings
36:28 Bracer
37:31 Chemistry
37:12 Padded Archer Armor
37:17 Scale Barding Armor
37:58 Arrowslits
38:46 Leather Archer Armor
38:43 Elite Jomsviking
39:59 Hoardings
40:22 Chain Barding Armor
40:32 Ring Archer Armor
qbe
8:02 Loom
10:04 Feudal Age
12:07 Double-Bit Axe
12:41 Horse Collar
15:37 Castle Age
17:04 Bow Saw
20:20 Wheelbarrow
20:52 Heavy Plow
22:34 Scale Mail Armor
24:36 Chain Mail Armor
24:31 Forging
25:11 Forging
25:33 Fletching
25:49 Squires
25:35 Arson
25:35 Gambesons
27:30 Bodkin Arrow
28:50 Thumb Ring
28:58 Bloodlines
28:49 Husbandry
30:16 Iron Casting
29:42 Padded Archer Armor
29:45 Husbandry
30:27 Ballistics
30:49 Hand Cart
30:20 Town Watch
32:29 Leather Archer Armor
36:58 Imperial Age
37:55 Bracer
38:26 Ring Archer Armor
38:57 Chemistry
37:19 Heavy Mounted Crossbowman
37:20 Cranequins
38:13 Gold Mining
38:14 Stone Mining
39:27 Conscription
40:03 Gold Shaft Mining
Connection lost

Rejoining the realm…

Still unreachable

The connection could not be restored.

Session expired

The server has moved on; the page needs a fresh start.